 Dungeon Crawl Stone Soup version 0.30-a0-1016-gfb0d676c02 (webtiles) character file.

Game seed: 7989059294810027077

63 coolio the Trooper (level 3, -4/33 HPs)
             Began as a Draconian Fighter on Apr 6, 2023.
             Killed from afar by a white imp (10 damage)
             ... with a puff of frost
             ... summoned by Natasha
             ... on level 2 of the Dungeon.
             The game lasted 00:01:33 (1251 turns).

coolio the Trooper (Draconian Fighter)              Turns: 1251, Time: 00:01:33

Health: -4/33      AC:  5    Str: 18    XL:     3   Next: 89%
Magic:  3/3        EV: 12    Int:  8    God:
Gold:   90         SH:  4    Dex: 12    Spells: 2/2 levels left

rFire   . . .      SeeInvis .    a - +0 long sword
rCold   . . .      Faith    .    b - +0 buckler
rNeg    . . .      Spirit   .    (body armour unavailable)
rPois   .          Reflect  .    (helmet restricted)
rElec   .          Rampage  .    g - scarf {repulsion}
rCorr   .                        (no gloves)
Will    .....                    (no boots)
Stlth   +                        (no amulet)
HPRegen 0.25/turn                (no ring)
MPRegen 0.08/turn                (no ring)

@: repel missiles
A: AC +5, unfitting armour, cold-blooded
a: no special abilities


You were on level 2 of the Dungeon.
You visited 1 branch of the dungeon, and saw 2 of its levels.

You collected 90 gold pieces.

Inventory:

Hand Weapons
 a - a +0 long sword (weapon)
Armour
 b - a +0 buckler (worn)
 g - a scarf of repulsion (worn)
Jewellery
 f - an amulet of guardian spirit
Scrolls
 d - 4 scrolls of identify {unknown}
 e - a scroll of fog {unknown}
 h - 3 scrolls of poison {unknown}
 i - a scroll of noise {unknown}
 k - 3 scrolls of immolation {unknown}
Potions
 c - a potion of might
 j - a potion of magic {unknown}


   Skills:
 + Level 3.9 Fighting
 + Level 2.6 Long Blades
 + Level 3.1 Dodging
 + Level 3.5 Shields


You had 2 spell levels left.
You didn't know any spells.
Your spell library contained the following spells:

 Spells                   Type           Power      Damage    Failure   Level
 Sublimation of Blood     Necr           0%         N/A       65%         2
 Petrify                  Tmut/Erth      0%         N/A       99%         4
 Irradiate                Conj/Tmut      0%         3d11      100%        5


Dungeon Overview and Level Annotations

Branches:
Dungeon (2/15)

Altars:
Kikubaaqudgha

Annotations:
D:2 Natasha


Innate Abilities, Weirdness & Mutations

Your plain brown scales are hard. (AC +5)
You cannot fit into any form of body armour.
You are cold-blooded and may be slowed by cold attacks.


Message History

You hit Natasha.
Natasha is heavily wounded.
Natasha mewls in sadness.
Natasha claws you. You block the white imp's attack.
Natasha closely misses you.
You barely miss Natasha.
Natasha is heavily wounded.
You block Natasha's attack. The white imp gestures at you.
The puff of frost hits you! Natasha claws you.
You are too injured to fight recklessly!
You are too injured to fight recklessly!
You are too injured to fight recklessly!
You are too injured to fight recklessly!
You are too injured to fight recklessly!
You are too injured to fight recklessly!
You are too injured to fight recklessly!
You are too injured to fight recklessly!
You are too injured to fight recklessly!
You are too injured to fight recklessly!
You are too injured to fight recklessly!
You are too injured to fight recklessly!
You are too injured to fight recklessly!
You are too injured to fight recklessly!
You are too injured to fight recklessly!
You are too injured to fight recklessly!
You are too injured to fight recklessly!
You are too injured to fight recklessly!
You are too injured to fight recklessly!
You are too injured to fight recklessly!
You are too injured to fight recklessly!
You hit Natasha but do no damage.
Natasha is heavily wounded.
Natasha claws you!
* * * LOW HITPOINT WARNING * * *
The white imp gestures at you.
The puff of frost is repelled.
The white imp gestures at you. The puff of frost hits you!
You die...

## ##..:. #. ..... .#
.... .. ...
######.... .........#
....##.#h#
.....#5@.##
.###......#
.#⌠#...?..###
.###...$....#
..........#.# ##
..........#... .###
..........#####...###
.....................
....##..............$


You could see Natasha (fast) and a white imp (summoned).

Vanquished Creatures
  An orc wizard (D:2)
  3 orcs (D:2)
  3 endoplasms (D:1)
  2 giant cockroaches (D:1)
  3 goblins
  4 hobgoblins
  2 kobolds (D:1)
  2 quokkas
  3 ball pythons
  3 bats (D:1)
  5 frilled lizards
  2 rats
33 creatures vanquished.

Notes
Turn   | Place    | Note
-------+----------+-------------------------------------------
     0 | D:1      | coolio the Draconian Fighter began the quest for the Orb.
     0 | D:1      | Reached XP level 1. HP: 19/19 MP: 1/1
   327 | D:1      | Reached XP level 2. HP: 26/26 MP: 2/2
  1121 | D:2      | Reached XP level 3. HP: 33/33 MP: 3/3
  1166 | D:2      | Found an ancient bone altar of Kikubaaqudgha.
  1242 | D:2      | Noticed Natasha
  1251 | D:2      | Killed from afar by a white imp

Illustrated notes

Levels and vault maps discovered:
D:1:      dpeg_arrival_arbitrary_b, layout_loops_corners
D:2:      layout_basic, basic_altar, chequers_serial_rivers_micro_a,
          feat_on_display, uniq_natasha

Skill      XL: |  1  2 |
---------------+-------+-----
Dodging        | 3 |  3.1
Fighting       | |  3.9
Long Blades    | |  2.6
Shields        | |  3.5

Action                     || total
---------------------------++-------
  Melee: Long sword        ||   128
         Tailslap          ||    12
   Stab: Sleeping          ||     1
 Armour: Skin              ||    28
  Dodge: Dodged            ||    81
         Repelled          ||     1
  Block: Buckler           ||    28

Table legend: (Time is in decaauts)
 A = Elapsed time spent in this place.
 B = Non-inter-level travel time spent in this place.
 C = Inter-level travel time spent in this place.
 D = Time resting spent in this place.
 E = Time spent auto-exploring this place.
 F = Levels seen in this place.
 G = Mean time per level.
                   A        B        C        D        E       F      G
               +--------+--------+--------+--------+--------+-----+--------+
         Total |   1293 |   1253 |     40 |      0 |    957 |   2 |  646.5 |
       Dungeon |   1293 |   1253 |     40 |      0 |    957 |   2 |  646.5 |
               +--------+--------+--------+--------+--------+-----+--------+

Top non-repeatable levels by time:
     D:1: 1026 daAuts
     D:2: 266 daAuts
